 Dungeon Crawl Stone Soup version 0.20.1-1-g8b1a95d66d (webtiles) character file.

58 Ivernyr the Shooter (level 3, 0/29 HPs)
             Began as a Centaur Hunter on Nov 16, 2017.
             Slain by an adder (1 damage)
             ... on level 2 of the Dungeon.
             The game lasted 00:04:22 (1545 turns).

Ivernyr the Shooter (Centaur Hunter)                Turns: 1545, Time: 00:04:23

Health: 0/29       AC:  5    Str: 14    XL:     3   Next: 76%
Magic:  3/3        EV:  9    Int: 11    God:
Gold:   94         SH:  0    Dex:  9    Spells: 2/2 levels left

rFire    . . .     SeeInvis .   a - +1 shortbow
rCold    . . .     Gourm    .   (shield currently unavailable)
rNeg     . . .     Faith    .   c - +0 leather armour
rPois    .         Spirit   .   (no helmet)
rElec    .         Reflect  .   (no cloak)
rCorr    .         Harm     .   m - +0 pair of gloves
MR       .....                  (no barding)
Stlth    +.........             (no amulet)
Regen    0.1/turn               (no ring)
MPRegen  0.1/turn               (no ring)

@: lethally poisoned (0 -> -9), very quick
A: hooves 3, deformed body, speed 2, tough skin 3
a: no special abilities


You were on level 2 of the Dungeon.
You were not hungry.

You visited 1 branch of the dungeon, and saw 2 of its levels.

You collected 94 gold pieces.

Inventory:

Hand Weapons
 a - a +1 shortbow (weapon)
Missiles
 d - 6 arrows (quivered)
Armour
 c - a +0 leather armour (worn)
 m - a +0 pair of gloves (worn)
Scrolls
 b - 2 scrolls of remove curse {unknown}
 e - a scroll of blinking {unknown}
 i - a scroll of noise {unknown}
 j - 3 scrolls of identify {unknown}
 k - a scroll of teleportation {unknown}
 o - a scroll of immolation {unknown}
Potions
 g - 2 potions of agility {unknown}
 h - a potion of might {unknown}
 l - a potion of haste {unknown}
 n - a potion of heal wounds {unknown}
Comestibles
 f - a bread ration


   Skills:
 - Level 2.0 Fighting
 * Level 6.2 Bows
 + Level 1.2 Armour
 - Level 1.4 Dodging
 - Level 0.4 Stealth
 + Level 1.4 Unarmed Combat


You had 2 spell levels left.
You didn't know any spells.

Dungeon Overview and Level Annotations

Branches:
Dungeon (2/15)

Altars:


Innate Abilities, Weirdness & Mutations

You have hooves in place of feet.
Armour fits poorly on your strangely shaped body.
You cover ground very quickly.
You have extremely tough skin. (AC +3)


Message History

You feel sick. The adder bites you but does no damage.
The adder closely misses you.
Firing (i - inventory):
d - 9 arrows (quivered)
Press: ? - help, Shift-Dir - straight line, f/p - adder
Aim: an adder You shoot an arrow.
The arrow barely misses the adder.
The adder bites you but does no damage.
Firing (i - inventory):
d - 8 arrows (quivered)
Press: ? - help, Shift-Dir - straight line, f/p - adder
Aim: an adder You shoot an arrow.
The arrow closely misses the adder.
* * * LOW HITPOINT WARNING * * *
You feel sick. The adder closely misses you.
Firing (i - inventory):
d - 7 arrows (quivered)
Press: ? - help, Shift-Dir - straight line, f/p - adder
Aim: an adder You shoot an arrow.
The arrow misses the adder.
* * * LOW HITPOINT WARNING * * *
You feel sick. The adder bites you but does no damage. The adder bites you.
You die...

.#####.#<..... #..##....
#.#####.. .### #.# #..
.....#####.# ##..
#.......# ##...
###.##.######....
.#######.......####.....
(.....S@.###......+.....
..######.# #...####.....
#.###..## ##....
#.....## ##... ###.###
##.. #.# ##+ #.# #. #.#
######. #.# #......


You could see an adder.

Vanquished Creatures
  2 adders
  A worm (D:2)
  4 dart slugs
  3 goblins
  5 hobgoblins
  A quokka (D:2)
  A ball python (D:1)
  5 bats
  3 frilled lizards
  5 kobolds
  A rat (D:1)
31 creatures vanquished.

Notes
Turn   | Place    | Note
-------+----------+-------------------------------------------
     0 | D:1      | Ivernyr the Centaur Hunter began the quest for the Orb.
     0 | D:1      | Reached XP level 1. HP: 17/17 MP: 1/1
   118 | D:1      | Reached XP level 2. HP: 13/24 MP: 2/2
   631 | D:1      | Reached skill level 1 in Unarmed Combat
   690 | D:1      | Reached XP level 3. HP: 20/29 MP: 3/3
   850 | D:1      | Reached skill level 6 in Bows
  1050 | D:2      | Reached skill level 1 in Armour
  1545 | D:2      | HP: 1/29 [poisoned by an adder]
  1545 | D:2      | Slain by an adder

Skill      XL: |  1  2  3 |
---------------+----------+-----
Unarmed Combat | 1 |  1.4
Bows           | 6 |  6.2
Armour         | 1 |  1.2
Fighting       | |  2.0
Dodging        | |  1.4
Stealth        | |  0.4

Action                   || total
-------------------------++-------
Melee: Unarmed           ||   125
       Kick              ||    28
       Punch             ||     1
 Fire: Shortbow          ||    25
  Eat: Chunk             ||     1
Armor: Leather armour    ||    48
Dodge: Dodged            ||    59
